 Dungeon Crawl Stone Soup version 0.31.0-32-g396128a36d (webtiles) character file.

Game seed: 14539994648240695205

105 PaiMei the Purveyor of Pain (level 4, 0/31 HPs)
             Began as a Demonspawn Necromancer on Apr 11, 2024.
             Was an Initiate of Kikubaaqudgha.
             Slain by a goblin
             ... wielding a +0 club
             ... led by Robin
              (3 damage)
             ... on level 3 of the Dungeon.
             The game lasted 00:03:28 (2562 turns).

PaiMei the Purveyor of Pain (DsNe)                  Turns: 2562, Time: 00:03:28

Health: 0/31       AC:  3    Str:  8    XL:     4   Next: 53%
Magic:  0/8        EV: 12    Int: 17    God:    Kikubaaqudgha [......]
Gold:   162        SH:  0    Dex: 14    Spells: 4/8 levels left

rFire   . . .        m - +0 spear
rCold   . . .        (no shield)
rNeg    . . .        a - +0 robe
rPois   .            e - +0 helmet
rElec   .            (no cloak)
rCorr   .            (gloves unavailable)
SInv    .            (no boots)
Will    .....        (no amulet)
Stlth   ++           (no ring)
HPRegen 0.25/turn    (no ring)
MPRegen 0.11/turn

%: no passive effects
@: no status effects
A: demonic touch 3
a: Renounce Religion


You were on level 3 of the Dungeon.
You worshipped Kikubaaqudgha.
Kikubaaqudgha was noncommittal.
You visited 1 branch of the dungeon, and saw 3 of its levels.

You collected 162 gold pieces.

Inventory:

Hand Weapons
 d - a +0 dagger
 m - a +0 spear (weapon)
Armour
 a - a +0 robe (worn)
 e - a +0 helmet (worn)
Scrolls
 c - 3 scrolls of identify {unknown}
 f - a scroll of fog {unknown}
 h - a scroll of vulnerability {unknown}
 i - a scroll of enchant weapon {unknown}
 j - a scroll of fear {unknown}
 k - 3 scrolls of immolation {unknown}
 q - a scroll of teleportation {unknown}
Potions
 b - a potion of magic
 g - a potion of haste {unknown}
 l - a potion of curing {unknown}
 n - a potion of ambrosia {unknown}
 o - a potion of lignification {unknown}
 p - a potion of heal wounds {unknown}


   Skills:
 + Level 0.6 Fighting
 + Level 2.6 Dodging
 - Level 2.5 Stealth
 + Level 2.8 Spellcasting
 + Level 5.0 Necromancy


You had 4 spell levels left.
You knew the following spells:

 Your Spells              Type           Power      Damage    Failure   Level
a - Necrotise             Necr           76%        1d7       2%          1
b - Vampiric Draining     Necr           19%        2d7       7%          3

Your spell library contained the following spells:

 Spells                   Type           Power      Damage    Failure   Level
 Animate Dead             Necr           19%        N/A       22%         4
 Curse of Agony           Necr           19%        N/A       52%         5


Dungeon Overview and Level Annotations

Branches:
Dungeon (3/15)

Altars:
Kikubaaqudgha

Shops:
D:2 *((=

Annotations:
D:3 Grinder, Robin


Innate Abilities, Weirdness & Mutations

Your touch may irresistibly damage your foes and sap their willpower.


Message History

Confirm with . or Enter, or press ? or * to list all spells.
You don't have enough magic to cast this spell.
Casting: Necrotise (safe; 2% risk of failure)
Confirm with . or Enter, or press ? or * to list all spells.
You don't have enough magic to cast this spell.
Casting: Necrotise (safe; 2% risk of failure)
Confirm with . or Enter, or press ? or * to list all spells.
You don't have enough magic to cast this spell.
You swap places.
Your goblin skeleton hits Robin but does no damage.
A goblin comes into view. It is wielding a +0 club.
Robin roars a battlecry!
The goblins go into a battle-frenzy!
Robin throws the goblin at you!
* * * LOW HITPOINT WARNING * * *
The goblin hits you with a +0 club.
* * * LOW HITPOINT WARNING * * *
Your goblin skeleton hits Robin but does no damage.
You see here a +0 dagger.
Casting: Necrotise (safe; 2% risk of failure)
Confirm with . or Enter, or press ? or * to list all spells.
You don't have enough magic to cast this spell.
Robin hits your goblin skeleton with a +6 spear of pain.
The goblin attacks as it pursues you! The goblin barely misses you.
A goblin comes into view. It is wielding a +0 club.
Your goblin skeleton hits Robin.
Casting: Necrotise (safe; 2% risk of failure)
Confirm with . or Enter, or press ? or * to list all spells.
You don't have enough magic to cast this spell.
You hit the goblin.
You kill the goblin!
Kikubaaqudgha accepts your kill.
Your goblin skeleton barely misses Robin.
Robin hits your goblin skeleton with a +6 spear of pain.
Your goblin skeleton is destroyed!
Things that are here:
a +0 club; a +0 dagger Robin throws the goblin at you!
The goblin hits you with a +0 club.
You die...
Kikubaaqudgha rasps: "You have failed me!
Welcome... death!"

######...# .........#
.####..#.###.# #.##.....#
.####.#############.
.........#..........
#####.##............ ###
...........###########.....
...............g@).)gg#
....#################.#
....#<........ #
##..#.........
##..#.........
#..#......... #..##........
#..##........ #............


You could see Robin, a hobgoblin (strong) and a goblin (strong).

Vanquished Creatures
  An iguana (D:3)
  2 adders (D:2)
  2 dart slugs (D:1)
  A ribbon worm (D:2)
  An orc (D:3)
  5 bats
  5 endoplasms
  2 giant cockroaches
  10 goblins
  4 hobgoblins
  2 quokkas (D:1)
  A ball python (D:2)
  A frilled lizard (D:2)
  4 kobolds
  6 rats
47 creatures vanquished.

Vanquished Creatures (collateral kills)
  An endoplasm (D:2)
  A ball python (D:2)
  A frilled lizard (D:2)
3 creatures vanquished.

Grand Total: 50 creatures vanquished

Notes
Turn   | Place    | Note
-------+----------+-------------------------------------------
     0 | D:1      | PaiMei the Demonspawn Necromancer began the quest for the
                  | Orb.
     0 | D:1      | Reached XP level 1. HP: 13/13 MP: 3/3
   233 | D:1      | Gained mutation: Your touch may inflict minor irresistible
                  | damage on your foes. [demonic ancestry]
   233 | D:1      | Reached XP level 2. HP: 19/19 MP: 0/5
   828 | D:2      | Found a faded altar of an unknown god.
   837 | D:2      | Gained mutation: Your touch may inflict irresistible damage
                  | on your foes. [demonic ancestry]
   837 | D:2      | Reached XP level 3. HP: 24/24 MP: 0/6
   963 | D:2      | Found Huve Eza's General Store.
  1321 | D:2      | Found Labras's Antique Weapon Emporium.
  1323 | D:2      | Found Ysyzuaw's Antique Weapon Shoppe.
  1409 | D:2      | Found Kaod Tint's Jewellery Emporium.
  1467 | D:2      | Found an ancient bone altar of Kikubaaqudgha.
  1521 | D:2      | Became a worshipper of Kikubaaqudgha
  1582 | D:2      | Learned a level 3 spell: Vampiric Draining
  1721 | D:2      | Gained mutation: Your touch may irresistibly damage your
                  | foes and sap their willpower. [demonic ancestry]
  1721 | D:2      | Reached XP level 4. HP: 30/30 MP: 4/7
  1978 | D:3      | Reached skill level 5 in Necromancy
  2251 | D:3      | Noticed Grinder
  2548 | D:3      | Noticed Robin
  2562 | D:3      | Slain by a goblin

Illustrated notes

Levels and vault maps discovered:
D:1:      minmay_arrival_wavy_path, layout_basic, chequers_serial_rivers_micro_a
D:2:      layout_rooms, basic_altar, dreamdust_ecumenical_altar_grove,
          serial_shops, nicolae_shop_hallway_plus, shop, shop_fountains, shop
D:3:      layout_basic, nicolae_underground_beach, uniq_robin, uniq_grinder

Skill      XL: |  1  2  3  4 |
---------------+-------------+-----
Stealth        | 2 |  2.5
Dodging        | 2 |  2.6
Necromancy     | 5 |  5.0
Fighting       | |  0.6
Spellcasting   | |  2.8

Action                     |  1- 3 |  4- 6 || total
---------------------------+-------+-------++-------
  Melee: Dagger            |    13 |       ||    13
         Touch             |     2 |     1 ||     3
         Spear             |       |     3 ||     3
   Cast: Necrotise         |    73 |    17 ||    90
         Vampiric Draining |       |     1 ||     1
 Armour: Robe              |    11 |    11 ||    22
  Dodge: Dodged            |    18 |     3 ||    21
